AoeStats
← Grogu

Golden Pit

507701011Analyzed
1v1 RM · 12d ago on Sep 19, 2026· 38m 13s· 2 players
Game mode
Random Map
Map size
Tiny (2 player)
Population
200
Speed
Normal
Resources
Standard
Victory
Conquest
Starting age
Dark Age
Ending age
Imperial Age
RankedLock teamsTeams togetherTeam positionsShared explorationLock speedFull tech treeHidden civsTurbo modeCheats
Victory
Defeat
🇮🇹 Poles · Italy
1270
+15
🇧🇷 Hindustanis · Brazil
1254
-15
Grogu
6:10 Loom
9:10 Feudal Age
9:53 Horse Collar
11:34 Town Watch
19:50 Castle Age
18:28 Double-Bit Axe
19:15 Bloodlines
19:12 Scale Barding Armor
19:18 Forging
20:43 Husbandry
22:29 Iron Casting
26:42 Town Patrol
28:54 Wheelbarrow
29:25 Bow Saw
32:36 Scale Mail Armor
32:56 Chain Barding Armor
32:24 Pikeman
33:05 Squires
klaushofer
7:28 Loom
10:40 Feudal Age
11:11 Double-Bit Axe
11:24 Horse Collar
21:36 Castle Age
20:24 Scale Barding Armor
21:10 Forging
22:01 Bloodlines
22:32 Husbandry
23:23 Heavy Plow
23:36 Bow Saw
24:04 Scale Mail Armor
23:33 Pikeman
24:14 Squires
24:36 Arson
27:47 Chain Mail Armor
28:25 Wheelbarrow
29:44 Light Cavalry
38:11 Chain Barding Armor
38:28 Iron Casting
Connection lost

Rejoining the realm…

Still unreachable

The connection could not be restored.

Session expired

The server has moved on; the page needs a fresh start.